Map: Kairos Junction LE

Players

Greenteaman - Winner!

  • Race: Protoss Protoss
  • League: Silver
  • Spawn Location: 5:00

Smileblind

  • Race: Protoss Protoss
  • League: Silver
  • Spawn Location: 11:00

VOD

Have the link to the VOD?

Description

Time

  • Played on: Feb. 1, 2019, 9:50 p.m.
  • Length: 10:14
Show
View Real Time Build Order
Export as new Build Order

Greenteaman Protoss - Winner!

Build Orders:  

Get SALT Encoding   

  12  0:01  Probe  
  13  0:10  Probe  
  14  0:18  Probe  
  15  0:28  Pylon  
  15  0:36  Pylon  
  15  0:46  Probe  
  16  0:52  Gateway  
  16  0:58  Forge  
  16  1:23  Gateway  
  16  1:29  Probe  
  17  1:33  Photon Cannon  
  17  1:44  Photon Cannon  
  17  1:47  Pylon  
  17  1:49  Zealot  
  19  2:00  Photon Cannon  
  19  2:13  Photon Cannon  
  19  2:18  Pylon  
  19  2:24  Cybernetics Core  
  19  2:32  Photon Cannon  
  19  2:46  Assimilator  
  19  2:50  Assimilator, Probe  
  20  2:58  Probe  
  21  3:07  Probe  
  22  3:15  Probe  
  23  3:23  Probe  
  23  3:28  Photon Cannon  
  24  3:34  Probe  
  24  3:39  Nexus  
  25  3:48  Probe  
  26  3:55  Pylon  
  26  4:00  Probe  
  26  4:02  Protoss Ground Weapons Level 1  
  27  4:10  Pylon, Probe  
  28  4:18  Probe  
  29  4:26  Probe  
  30  4:31  Stargate  
  30  4:38  Probe  
  30  4:41  Stargate  
  31  4:46  Probe  
  31  4:50  Probe  
  32  4:54  Probe  
  32  4:58  Probe  
  34  5:05  Probe  
  36  5:07  Probe  
  36  5:13  Stargate  
  37  5:17  Probe  
  37  5:19  Probe  
  39  5:31  Probe  
  39  5:32  Protoss Air Weapons Level 1  
  39  5:33  Assimilator, Probe  
  41  5:36  Assimilator  
  41  5:41  Probe  
  41  5:43  Probe  
  41  5:49  Probe  
  44  6:02  Probe  
  45  6:06  Zealot x2  
  49  6:14  Probe  
  46  6:33  Zealot x2  
  46  6:34  Void Ray  
  46  6:35  Void Ray x2  
  62  6:45  Probe  
  63  6:57  Probe  
  64  7:04  Pylon  
  64  7:06  Pylon  
  64  7:07  Pylon  
  64  7:08  Pylon  
  64  7:10  Warp Gate  
  64  7:15  Fleet Beacon  
  64  7:31  Void Ray  
  64  7:35  Void Ray  
  72  7:37  Void Ray  
  72  8:07  Probe  
  71  8:17  Void Ray  
  71  8:19  Probe  
  76  8:31  Probe  
  64  9:43  Probe  
  65  9:55  Probe  
Show
View Real Time Build Order
Export as new Build Order

Smileblind Protoss 

Build Orders:  

Get SALT Encoding   

  12  0:01  Probe  
  13  0:13  Probe  
  14  0:20  Pylon  
  14  0:25  Probe  
  15  0:38  Probe  
  16  0:48  Forge  
  16  0:51  Probe  
  17  1:03  Probe  
  18  1:05  Gateway  
  18  1:15  Assimilator, Probe  
  19  1:24  Pylon  
  19  1:27  Probe  
  20  1:36  Photon Cannon  
  20  1:39  Probe  
  21  1:46  Zealot  
  21  1:51  Probe  
  22  1:56  Cybernetics Core  
  24  2:03  Probe  
  24  2:06  Photon Cannon  
  25  2:16  Photon Cannon  
  25  2:20  Assimilator  
  25  2:29  Warp Gate  
  25  2:35  Gateway  
  25  2:38  Pylon  
  25  2:43  Sentry  
  27  3:04  Pylon  
  27  3:09  Stalker  
  29  3:17  Shield Battery  
  29  3:30  Photon Cannon  
  29  3:34  Pylon  
  29  3:36  Stalker  
  29  3:39  Stalker  
  33  4:12  Gateway  
  33  4:21  Nexus  
  33  4:30  Gateway  
  33  4:36  Probe  
  34  4:39  Pylon  
  34  4:48  Probe  
  35  4:56  Robotics Facility  
  35  5:00  Probe  
  35  5:03  Shield Battery  
  36  5:13  Probe  
  37  5:16  Photon Cannon  
  37  5:23  Adept  
  37  5:25  Probe  
  37  5:28  Adept  
  42  5:31  Probe  
  43  5:39  Probe  
  43  5:44  Observer  
  43  5:48  Probe  
  45  5:53  Shield Battery  
  45  5:55  Sentry x2  
  50  6:00  Probe  
  51  6:12  Probe  
  48  6:27  Probe  
  48  6:30  Immortal  
  53  6:36  Probe  
  53  6:37  Twilight Council  
  54  6:40  Stargate  
  54  6:44  Probe  
  54  6:47  Adept x2  
  54  6:54  Probe  
  60  7:05  Pylon  
  60  7:06  Probe  
  61  7:08  Charge  
  61  7:09  Assimilator  
  61  7:13  Assimilator  
  61  7:14  Immortal  
  65  7:18  Probe  
  66  7:26  Probe  
  66  7:29  Dark Shrine  
  66  7:32  Oracle  
  66  7:34  Probe  
  71  7:44  Probe  
  71  7:46  Pylon  
  71  7:48  Pylon  
  72  7:51  Pylon  
  72  7:56  Probe  
  69  8:15  Void Ray  
  73  8:24  Immortal  
  77  8:30  Nexus  
  77  8:37  Gateway  
  77  8:57  Void Ray  
  78  9:18  Stalker x2  
  62  9:30  Stalker x2  
  53  9:36  Stalker  
  47  9:43  Stalker x2  
  33  9:55  Stalker  
Tags
 
Add a new tag
Caveats
  • Supply blocks, unpowered buildings, or Contaminate may cause inaccurate times.
  • Supply counts are checked every 10 seconds.